 Dungeon Crawl Stone Soup version 0.29.0-4-gdea44cf6ec (webtiles) character file.

Game seed: 7587723083262346817

3312 qw the Cleaver (level 10, -7/63 HPs)
             Began as a Gargoyle Delver on Sept 10, 2022.
             Was an Initiate of Okawaru.
             Shot with an arrow by a centaur (11 damage)
             ... on level 8 of the Dungeon.
             The game lasted 00:03:34 (9605 turns).

qw the Cleaver (Gargoyle Delver)                    Turns: 9605, Time: 00:03:35

Health: -7/63      AC: 24    Str: 26    XL:     10   Next: 1%
Magic:  10/10      EV:  8    Int: 11    God:    Okawaru [......]
Gold:   116        SH:  0    Dex: 11    Spells: 9/9 levels left

rFire   . . .      SeeInvis +   Y - +0 war axe
rCold   . . .      Faith    .   (no shield)
rNeg    + . .      Spirit   .   i - +0 plate armour
rPois   inf        Reflect  .   (helmet restricted)
rElec   +          Harm     .   k - +0 cloak
rCorr   .          Rampage  .   (no gloves)
Will    .....                   e - +2 pair of boots
Stlth   ..........              (no amulet)
HPRegen 0.20/turn               p - +6 ring of strength
MPRegen 0.12/turn               c - ring of see invisible

@: no status effects
A: sickness immunity, AC +7, negative energy resistance 1, electricity
resistance, torment resistance 1, petrification resistance, antennae 1, sturdy
frame 1
a: Renounce Religion


You were on level 8 of the Dungeon.
You worshipped Okawaru.
Okawaru was noncommittal.
You visited 2 branches of the dungeon, and saw 9 of its levels.

You collected 311 gold pieces.
You spent 195 gold pieces at shops.


Innate Abilities, Weirdness & Mutations

You are immune to sickness and miasma.
Your stone body is resilient. (AC +7)
You are immune to poison.
You resist negative energy. (rN+)
You are resistant to electric shocks. (rElec)
You are resistant to unholy torment.
You are immune to petrification.
You have a pair of small antennae on your head.
Your movements are slightly less encumbered by armour. (ER -2)


   Skills:
 + Level 7.3 Fighting
 - Level 10.0 Axes
 - Level 2.0 Throwing
 - Level 6.2 Armour
 - Level 1.5 Dodging
 - Level 5.4 Stealth


You had 9 spell levels left.
You didn't know any spells.
Your spell library was empty.

Inventory:

Hand Weapons
 j - a +2 flail of draining
 Y - a +0 war axe (weapon)
Missiles
 a - 2 boomerangs
 u - 3 javelins (quivered)
Armour
 e - a +2 pair of boots (worn)
 i - a +0 plate armour (worn)
 k - a +0 cloak (worn)
Jewellery
 c - a ring of see invisible (right hand)
 d - a ring of protection from cold
 p - a +6 ring of strength (left hand)
Wands
 g - a wand of digging (3)
Scrolls
 h - 6 scrolls of identify
Potions
 b - a potion of might
 f - 4 potions of haste
 s - a potion of curing
 w - a potion of mutation

Dungeon Overview and Level Annotations

Branches:
Dungeon (8/15)             Temple (1/1) D:7
   Lair: D:8-11

Altars:
Ashenzari
Cheibriados
Dithmenos
Elyvilon
Fedhas
Gozag
Hepliaklqana
Kikubaaqudgha
Makhleb
Nemelex Xobeh
Okawaru
Qazlal
Ru
Sif Muna
Trog
Uskayaw
Vehumet
Wu Jian
Xom
Yredelemnul
Zin
The Shining One

Shops:
D:4 =   D:6 *

Annotations:
D:4 2 transporters, Menkaure
D:8 Pikel


Message History

The killer bee stings you but does no damage.
The wight barely misses you.
The kobold brigand hits you but does no damage.
The kobold hits you but does no damage.
The centaur shoots an arrow.
The arrow barely misses you.
You have reached level 10!
You miss the killer bee.
The killer bee is severely wounded.
You miss the killer bee. You hit the kobold brigand. You slash the kobold!
You kill the kobold!
Okawaru accepts your kill.
You slash the killer bee!
The killer bee stings you but does no damage. x2
The killer bee closely misses you.
The killer bee stings you but does no damage. x3
The centaur shoots an arrow.
The arrow hits you. The wight hits you but does no damage.
The kobold brigand hits you with a +0 dagger.
You slash the killer bee!
You kill the killer bee!
Okawaru accepts your kill.
You completely miss the kobold brigand. You closely miss the wight.
You hit the killer bee. You miss the killer bee.
The killer bee stings you but does no damage.
The killer bee stings you.
The centaur shoots an arrow.
The arrow hits you but does no damage.
The killer bee stings you but does no damage. x2
The kobold brigand hits you but does no damage.
The wight closely misses you. The wight hits you but does no damage.
The centaur shoots an arrow.
The arrow hits you but does no damage.
You hear a shout!
You barely miss the killer bee.
The killer bee is severely wounded.
You barely miss the killer bee. You closely miss the kobold brigand.
You closely miss the wight. The killer bee stings you.
The killer bee stings you but does no damage.
The killer bee stings you. The killer bee barely misses you.
The centaur shoots an arrow.
The arrow hits you!
You die...

.###.. #....#### .
...
.5.........##..$...
...................
...............
..........?..##
...............
......c........
....5zy)%.....#
.....zK@y.....#
......z))....##
.....z....##...
...........# .
..........##
.........##
........##
.........


You could see a kobold brigand, 2 lemures, a centaur, 2 killer bees and 4
wights.

Vanquished Creatures
  Grinder (D:3)
  Eustachio (D:6)
  Sigmund (D:5)
  A steam dragon (D:7)
  Edmund (D:5)
  A water moccasin (D:5)
  An orc warrior (D:5)
  A sky beast (D:6)
  3 ogres
  4 centaurs
  A phantom (D:5)
  A gnoll sergeant (D:5)
  A bullfrog (D:6)
  4 necrophages
  4 scorpions
  3 wights (D:8)
  A killer bee (D:8)
  A howler monkey (D:6)
  3 jellies
  4 hounds
  7 orc priests
  An iguana (D:6)
  4 orc wizards
  7 gnolls
  5 adders
  A white imp (D:7)
  A worm (D:2)
  3 dart slugs
  20 orcs
  5 endoplasms
  4 giant cockroaches
  8 goblins
  7 hobgoblins
  6 jackals
  4 quokkas (D:1)
  2 ball pythons
  2 bats
  4 frilled lizards
  8 kobolds
  5 rats
142 creatures vanquished.

Vanquished Creatures (others)
  A killer bee (D:8)
  An adder (D:3)
  An orc (D:3)
  An endoplasm (D:3)
  10 demonic plants (D:3)
  14 fungi
  7 plants
  8 withered plants (D:3)
43 creatures vanquished.

Grand Total: 185 creatures vanquished

Notes
Turn   | Place    | Note
-------+----------+-------------------------------------------
     0 | D:5      | qw the Gargoyle Delver began the quest for the Orb.
     0 | D:5      | Reached XP level 1. HP: 14/14 MP: 1/1
     0 | D:5      | 0 ||| qw: Version: 0.1-a-116-g5d60599
     0 | D:5      | 0 ||| qw: Game counter: 8197
     0 | D:5      | 0 ||| qw: Always use a shield: true
     0 | D:5      | 0 ||| qw: God list: Okawaru
     0 | D:5      | 0 ||| qw: Allow faded altars: false
     0 | D:5      | 0 ||| qw: Do Orc after D:15 true
     0 | D:5      | 0 ||| qw: Do second Lair branch before Depths: true
     0 | D:5      | 0 ||| qw: Lair rune preference: random
     0 | D:5      | 0 ||| qw: Plans: Normal
     0 | D:5      | 0 ||| PLANNING D:1-11
     0 | D:5      | 0 ||| DROPPING scroll of fog.
     1 | D:5      | 1 ||| DROPPING scroll of magic mapping.
     2 | D:5      | 2 ||| DROPPING scroll of fear.
    28 | D:4      | Reached skill level 2 in Axes
   123 | D:4      | Found a basalt altar of Yredelemnul.
   123 | D:4      | Noticed a phantom
   134 | D:4      | Noticed Menkaure
   137 | D:4      | Found a transporter.
   147 | D:4      | Noticed a phantom
   189 | D:4      | Found a transporter.
   190 | D:4      | Found an ancient bone altar of Kikubaaqudgha.
   210 | D:4      | 210 ||| Stepping ~*~*~tactically~*~*~ (stealth).
   213 | D:4      | 213 ||| Stepping ~*~*~tactically~*~*~ (stealth).
   214 | D:4      | 214 ||| Stepping ~*~*~tactically~*~*~ (stealth).
   215 | D:4      | 215 ||| Stepping ~*~*~tactically~*~*~ (stealth).
   217 | D:4      | 217 ||| Stepping ~*~*~tactically~*~*~ (stealth).
   219 | D:4      | 219 ||| Stepping ~*~*~tactically~*~*~ (stealth).
   221 | D:4      | 221 ||| Stepping ~*~*~tactically~*~*~ (stealth).
   226 | D:4      | 226 ||| Stepping ~*~*~tactically~*~*~ (stealth).
   228 | D:4      | 228 ||| Stepping ~*~*~tactically~*~*~ (stealth).
   229 | D:4      | 229 ||| Stepping ~*~*~tactically~*~*~ (stealth).
   235 | D:4      | 235 ||| Stepping ~*~*~tactically~*~*~ (stealth).
   238 | D:4      | 238 ||| Stepping ~*~*~tactically~*~*~ (stealth).
   239 | D:4      | 239 ||| Stepping ~*~*~tactically~*~*~ (stealth).
   240 | D:4      | 240 ||| Stepping ~*~*~tactically~*~*~ (stealth).
   248 | D:4      | Reached XP level 2. HP: 15/19 MP: 2/2
   396 | D:4      | Identified the +1 leather armour of Duzeah {*Slow Dex+3
                  | Stlth+}
   413 | D:4      | 413 ||| UPGRADING to +1 leather armour of Duzeah {*Slow
                  | Dex+3 Stlth+}.
   423 | D:4      | 423 ||| DROPPING +0 leather armour.
   424 | D:4      | 424 ||| READING scroll labelled YXUMIO BUIZUBE.
   509 | D:2      | HP: 2/19 [worm (7)]
   512 | D:2      | Reached skill level 3 in Axes
   514 | D:2      | Reached XP level 3. HP: 3/23 MP: 3/3
   972 | D:2      | 972 ||| UPGRADING to +0 pair of boots.
   977 | D:2      | 977 ||| READING scroll labelled JONOSKI TILAFF.
  1645 | D:1      | 1645 ||| DROPPING +0 club.
  1733 | D:1      | Reached XP level 4. HP: 24/28 MP: 4/4
  2272 | D:1      | 2272 ||| UPGRADING to +2 pair of boots.
  2282 | D:1      | 2282 ||| DROPPING +0 pair of boots.
  2283 | D:1      | 2283 ||| READING scroll labelled RAHEXKYZOR.
  2284 | D:1      | 2284 ||| READING scroll labelled CASILU UCHEDO.
  2285 | D:1      | 2285 ||| READING scroll labelled SECI DUNETOKUO.
  2290 | D:1      | 2290 ||| READING scroll labelled MAENIB GUVAMMY.
  2291 | D:1      | 2291 ||| DRINKING 3 viscous purple potions.
  2292 | D:1      | 2292 ||| READING 2 scrolls of identify.
  2292 | D:1      | 2292 ||| IDENTIFYING grey potion
  2293 | D:1      | 2293 ||| DROPPING potion of brilliance.
  2462 | D:2      | Reached skill level 4 in Axes
  2841 | D:3      | 2841 ||| Stepping ~*~*~tactically~*~*~ (stealth).
  2886 | D:3      | 2886 ||| FLEEEEING.
  2887 | D:3      | 2887 ||| FLEEEEING.
  2888 | D:3      | 2888 ||| FLEEEEING.
  2894 | D:3      | 2894 ||| FLEEEEING.
  3004 | D:3      | 3004 ||| Stepping ~*~*~tactically~*~*~ (stealth).
  3005 | D:3      | 3005 ||| Stepping ~*~*~tactically~*~*~ (stealth).
  3006 | D:3      | 3006 ||| DROPPING +0 mace.
  3026 | D:3      | 3026 ||| Stepping ~*~*~tactically~*~*~ (stealth).
  3097 | D:3      | Noticed Grinder
  3109 | D:3      | Paralysed by Grinder for 4 turns
  3114 | D:3      | HP: 7/28 [Grinder (3)]
  3115 | D:3      | 3115 ||| DRINKING 2 potions of heal wounds.
  3116 | D:3      | Killed Grinder
  3117 | D:3      | Reached skill level 5 in Axes
  3117 | D:3      | Reached XP level 5. HP: 20/32 MP: 5/5
  3117 | D:3      | Reached XP level 6. HP: 24/37 MP: 6/6
  3290 | D:3      | Found a faded altar of an unknown god.
  3545 | D:3      | 3545 ||| Stepping ~*~*~tactically~*~*~ (hiding).
  3647 | D:3      | 3647 ||| Stepping ~*~*~tactically~*~*~ (hiding).
  3649 | D:3      | 3649 ||| FLEEEEING.
  3650 | D:3      | 3650 ||| FLEEEEING.
  3651 | D:3      | 3651 ||| FLEEEEING.
  3652 | D:3      | 3652 ||| FLEEEEING.
  3653 | D:3      | 3653 ||| FLEEEEING.
  3764 | D:3      | 3764 ||| Invisible monster not found???
  3773 | D:3      | 3773 ||| Stepping ~*~*~tactically~*~*~ (stealth).
  3774 | D:3      | 3774 ||| Stepping ~*~*~tactically~*~*~ (stealth).
  3775 | D:3      | 3775 ||| Stepping ~*~*~tactically~*~*~ (stealth).
  3776 | D:3      | 3776 ||| Stepping ~*~*~tactically~*~*~ (stealth).
  3812 | D:3      | 3812 ||| Stepping ~*~*~tactically~*~*~ (stealth).
  3828 | D:3      | 3828 ||| Stepping ~*~*~tactically~*~*~ (stealth).
  3871 | D:3      | 3871 ||| Stepping ~*~*~tactically~*~*~ (stealth).
  3872 | D:3      | 3872 ||| Stepping ~*~*~tactically~*~*~ (stealth).
  3906 | D:3      | Reached skill level 1 in Armour
  3914 | D:3      | 3914 ||| Stepping ~*~*~tactically~*~*~ (cloud).
  3990 | D:3      | 3990 ||| Stepping ~*~*~tactically~*~*~ (cloud).
  3991 | D:3      | 3991 ||| Stepping ~*~*~tactically~*~*~ (cloud).
  3994 | D:3      | 3994 ||| Stepping ~*~*~tactically~*~*~ (cloud).
  4066 | D:3      | 4066 ||| Stepping ~*~*~tactically~*~*~ (cloud).
  4113 | D:3      | 4113 ||| Stepping ~*~*~tactically~*~*~ (stealth).
  4114 | D:3      | 4114 ||| Stepping ~*~*~tactically~*~*~ (stealth).
  4115 | D:3      | 4115 ||| Stepping ~*~*~tactically~*~*~ (stealth).
  4117 | D:3      | 4117 ||| Stepping ~*~*~tactically~*~*~ (stealth).
  4162 | D:3      | Noticed an angel
  4164 | D:3      | Found a glowing silver altar of Zin.
  4237 | D:3      | Found the +7 staff of the Meek {protect, meekguard}
  4345 | D:3      | 4345 ||| Stepping ~*~*~tactically~*~*~ (stealth).
  4346 | D:3      | 4346 ||| Stepping ~*~*~tactically~*~*~ (stealth).
  4350 | D:3      | 4350 ||| Stepping ~*~*~tactically~*~*~ (stealth).
  4561 | D:3      | 4561 ||| SWAPPING to +2 hand axe of electrocution.
  4562 | D:3      | 4562 ||| DROPPING +0 hand axe.
  4563 | D:3      | 4563 ||| UPGRADING to +0 scale mail.
  4573 | D:3      | 4573 ||| DROPPING +1 leather armour of Duzeah {*Slow Dex+3
                  | Stlth+}.
  4574 | D:3      | 4574 ||| UPGRADING to +0 cloak.
  4579 | D:3      | 4579 ||| DROPPING ring of wizardry.
  4580 | D:3      | 4580 ||| UPGRADING to +6 ring of strength.
  4581 | D:3      | 4581 ||| READING scroll labelled COESMOI FOQO.
  4582 | D:3      | 4582 ||| READING 2 scrolls labelled NAPIYM UZAN.
  4583 | D:3      | 4583 ||| READING scroll labelled HADACA TONOCSY.
  4584 | D:3      | 4584 ||| READING scroll labelled ZISYDASTUWN.
  4585 | D:3      | 4585 ||| READING 3 scrolls of identify.
  4585 | D:3      | 4585 ||| IDENTIFYING murky inky potion
  4586 | D:3      | 4586 ||| READING 2 scrolls of identify.
  4586 | D:3      | 4586 ||| IDENTIFYING sedimented yellow potion
  4587 | D:3      | 4587 ||| DROPPING scroll of noise.
  4588 | D:3      | 4588 ||| DROPPING potion of lignification.
  4624 | D:4      | 4624 ||| Stepping ~*~*~tactically~*~*~ (hiding).
  4670 | D:4      | 4670 ||| READING scroll of enchant weapon.
  4670 | D:4      | 4670 ||| ENCHANTING +3 hand axe of electrocution.
  4703 | D:4      | Reached XP level 7. HP: 33/43 MP: 7/7
  4711 | D:4      | Reached skill level 6 in Axes
  4851 | D:4      | Found Ocitoah's Jewellery Shop.
  4858 | D:4      | 4858 ||| SHOPLISTING +6 ring of dexterity (432 gold, have
                  | 97).
  4858 | D:4      | 4858 ||| SHOPLISTING +6 ring of strength (432 gold, have
                  | 97).
  4858 | D:4      | 4858 ||| SHOPLISTING amulet of reflection (360 gold, have
                  | 97).
  4858 | D:4      | 4858 ||| SHOPLISTING amulet of regeneration (360 gold, have
                  | 97).
  4858 | D:4      | 4858 ||| SHOPLISTING ring "Zinegyhorr" {rF- rC++ rCorr
                  | Str+6 Int+4} (810 gold, have 97).
  4858 | D:4      | 4858 ||| SHOPLISTING ring of fire (300 gold, have 97).
  4858 | D:4      | 4858 ||| SHOPLISTING ring of protection from cold (300
                  | gold, have 97).
  4858 | D:4      | 4858 ||| SHOPLISTING ring of protection from fire (300
                  | gold, have 97).
  5045 | D:4      | 5045 ||| UPGRADING to ring of see invisible.
  5046 | D:4      | 5046 ||| DRINKING 2 clear potions.
  5072 | D:5      | Noticed Edmund
  5074 | D:5      | 5074 ||| Stepping ~*~*~tactically~*~*~ (stealth).
  5092 | D:5      | Killed Edmund
  5206 | D:5      | 5206 ||| DROPPING +0 flail.
  5260 | D:5      | 5260 ||| Stepping ~*~*~tactically~*~*~ (stealth).
  5272 | D:5      | 5272 ||| Stepping ~*~*~tactically~*~*~ (hiding).
  5273 | D:5      | 5273 ||| Stepping ~*~*~tactically~*~*~ (hiding).
  5275 | D:5      | 5275 ||| Stepping ~*~*~tactically~*~*~ (hiding).
  5285 | D:5      | Reached skill level 7 in Axes
  5286 | D:5      | 5286 ||| Stepping ~*~*~tactically~*~*~ (stealth).
  5455 | D:5      | Reached XP level 8. HP: 44/50 MP: 8/8
  5499 | D:5      | 5499 ||| Stepping ~*~*~tactically~*~*~ (stealth).
  5500 | D:5      | 5500 ||| Stepping ~*~*~tactically~*~*~ (stealth).
  5512 | D:5      | Reached skill level 3 in Armour
  5579 | D:5      | 5579 ||| Stepping ~*~*~tactically~*~*~ (hiding).
  5681 | D:5      | 5681 ||| Stepping ~*~*~tactically~*~*~ (hiding).
  5783 | D:5      | 5783 ||| Stepping ~*~*~tactically~*~*~ (hiding).
  5794 | D:5      | 5794 ||| FLEEEEING.
  5796 | D:5      | 5796 ||| FLEEEEING.
  5797 | D:5      | 5797 ||| FLEEEEING.
  5798 | D:5      | 5798 ||| FLEEEEING.
  5799 | D:5      | 5799 ||| FLEEEEING.
  5800 | D:5      | 5800 ||| FLEEEEING.
  5801 | D:5      | 5801 ||| FLEEEEING.
  5802 | D:5      | 5802 ||| FLEEEEING.
  5803 | D:5      | 5803 ||| FLEEEEING.
  5804 | D:5      | 5804 ||| FLEEEEING.
  5805 | D:5      | 5805 ||| FLEEEEING.
  5806 | D:5      | 5806 ||| FLEEEEING.
  5807 | D:5      | 5807 ||| FLEEEEING.
  5808 | D:5      | 5808 ||| FLEEEEING.
  5810 | D:5      | 5810 ||| FLEEEEING.
  5811 | D:5      | 5811 ||| FLEEEEING.
  5812 | D:5      | 5812 ||| FLEEEEING.
  5813 | D:5      | 5813 ||| FLEEEEING.
  5814 | D:5      | 5814 ||| FLEEEEING.
  5815 | D:5      | 5815 ||| FLEEEEING.
  5816 | D:5      | 5816 ||| FLEEEEING.
  5817 | D:5      | 5817 ||| FLEEEEING.
  5818 | D:5      | 5818 ||| FLEEEEING.
  5819 | D:5      | 5819 ||| FLEEEEING.
  5820 | D:5      | 5820 ||| FLEEEEING.
  5821 | D:5      | 5821 ||| FLEEEEING.
  5822 | D:5      | 5822 ||| FLEEEEING.
  5823 | D:5      | 5823 ||| FLEEEEING.
  5824 | D:5      | 5824 ||| FLEEEEING.
  5825 | D:5      | 5825 ||| FLEEEEING.
  5826 | D:5      | 5826 ||| FLEEEEING.
  5827 | D:5      | 5827 ||| FLEEEEING.
  5828 | D:5      | 5828 ||| FLEEEEING.
  5829 | D:5      | 5829 ||| FLEEEEING.
  5830 | D:5      | 5830 ||| FLEEEEING.
  5831 | D:5      | 5831 ||| FLEEEEING.
  5832 | D:5      | 5832 ||| FLEEEEING.
  5833 | D:5      | 5833 ||| FLEEEEING.
  5834 | D:5      | 5834 ||| FLEEEEING.
  5835 | D:5      | 5835 ||| FLEEEEING.
  5836 | D:5      | 5836 ||| STAIRDANCE
  5956 | D:4      | 5956 ||| UPGRADING to +0 chain mail.
  5966 | D:4      | 5966 ||| DROPPING +0 scale mail.
  5969 | D:5      | 5969 ||| STAIRDANCE
  5979 | D:5      | 5979 ||| DRINKING potion of curing.
  5979 | D:5      | 5979 ||| (to cure confusion)
  6243 | D:5      | 6243 ||| FLEEEEING.
  6244 | D:5      | 6244 ||| FLEEEEING.
  6258 | D:5      | 6258 ||| FLEEEEING.
  6259 | D:5      | 6259 ||| FLEEEEING.
  6260 | D:5      | 6260 ||| FLEEEEING.
  6262 | D:5      | 6262 ||| FLEEEEING.
  6263 | D:5      | 6263 ||| FLEEEEING.
  6271 | D:5      | 6271 ||| FLEEEEING.
  6273 | D:5      | 6273 ||| FLEEEEING.
  6274 | D:5      | 6274 ||| FLEEEEING.
  6275 | D:5      | 6275 ||| FLEEEEING.
  6284 | D:5      | 6284 ||| FLEEEEING.
  6286 | D:5      | 6286 ||| FLEEEEING.
  6287 | D:5      | 6287 ||| FLEEEEING.
  6288 | D:5      | 6288 ||| FLEEEEING.
  6291 | D:5      | 6291 ||| FLEEEEING.
  6292 | D:5      | 6292 ||| FLEEEEING.
  6293 | D:5      | 6293 ||| FLEEEEING.
  6296 | D:5      | 6296 ||| STAIRDANCE
  6372 | D:4      | 6372 ||| UPGRADING to +0 plate armour.
  6382 | D:4      | 6382 ||| DROPPING +0 chain mail.
  6423 | D:5      | 6423 ||| Stepping ~*~*~tactically~*~*~ (stealth).
  6436 | D:5      | Reached skill level 8 in Axes
  6459 | D:5      | 6459 ||| Stepping ~*~*~tactically~*~*~ (stealth).
  6460 | D:5      | 6460 ||| Stepping ~*~*~tactically~*~*~ (stealth).
  6461 | D:5      | 6461 ||| Stepping ~*~*~tactically~*~*~ (stealth).
  6524 | D:5      | 6524 ||| Stepping ~*~*~tactically~*~*~ (stealth).
  6527 | D:5      | 6527 ||| Stepping ~*~*~tactically~*~*~ (stealth).
  6528 | D:5      | 6528 ||| Stepping ~*~*~tactically~*~*~ (stealth).
  6532 | D:5      | 6532 ||| Stepping ~*~*~tactically~*~*~ (stealth).
  6616 | D:5      | Reached XP level 9. HP: 55/55 MP: 9/9
  6861 | D:5      | Noticed Sigmund
  6870 | D:5      | Killed Sigmund
  6871 | D:5      | Reached skill level 6 in Fighting
  6871 | D:5      | 6871 ||| UPGRADING to +0 helmet.
  6927 | D:6      | Found an opulent altar of Gozag.
  6937 | D:6      | Identified the +0 robe of Action {+Blink rElec rPois SInv}
  6995 | D:6      | 6995 ||| Stepping ~*~*~tactically~*~*~ (stealth).
  7039 | D:6      | 7039 ||| Stepping ~*~*~tactically~*~*~ (stealth).
  7040 | D:6      | 7040 ||| Stepping ~*~*~tactically~*~*~ (stealth).
  7041 | D:6      | 7041 ||| Stepping ~*~*~tactically~*~*~ (stealth).
  7070 | D:6      | Found a sparkling altar of Nemelex Xobeh.
  7093 | D:6      | Noticed Eustachio
  7136 | D:6      | Killed Eustachio
  7137 | D:6      | Reached skill level 9 in Axes
  7146 | D:6      | 7146 ||| Stepping ~*~*~tactically~*~*~ (hiding).
  7435 | D:6      | 7435 ||| Stepping ~*~*~tactically~*~*~ (hiding).
  7437 | D:6      | 7437 ||| Stepping ~*~*~tactically~*~*~ (hiding).
  7443 | D:6      | Reached skill level 6 in Armour
  7693 | D:6      | 7693 ||| Stepping ~*~*~tactically~*~*~ (hiding).
  7696 | D:6      | 7696 ||| Stepping ~*~*~tactically~*~*~ (hiding).
  7697 | D:6      | 7697 ||| Stepping ~*~*~tactically~*~*~ (hiding).
  7773 | D:6      | 7773 ||| SWAPPING to +0 war axe.
  7774 | D:6      | 7774 ||| DROPPING +4 hand axe of electrocution.
  7780 | D:6      | Found a bloodstained altar of Trog.
  7900 | D:6      | Found Hobreukk's Assorted Antiques.
  7903 | D:6      | 7903 ||| BUYING 2 inky potions (45 gold).
  7903 | D:6      | Bought 2 inky potions for 45 gold pieces
  7903 | D:6      | 7903 ||| BUYING 3 scrolls of identify (150 gold).
  7903 | D:6      | Bought 3 scrolls of identify for 150 gold pieces
  7903 | D:6      | 7903 ||| SHOPLISTING pair of gloves (112 gold, have 61).
  7903 | D:6      | 7903 ||| SHOPLISTING potion of heal wounds (125 gold, have
                  | 61).
  7939 | D:6      | 7939 ||| DROPPING +2 pair of boots.
  7940 | D:6      | 7940 ||| READING scroll labelled ZADAOBB COIXT.
  8041 | D:6      | 8041 ||| DRINKING 2 sedimented green potions.
  8142 | D:6      | 8142 ||| DRINKING 2 inky potions.
  8142 | D:6      | Gained mutation: Your movements are slightly less
                  | encumbered by armour. (ER -2) [potion of mutation]
  8142 | D:6      | Gained mutation: You have a pair of small antennae on your
                  | head. [potion of mutation]
  8143 | D:6      | 8143 ||| DROPPING +0 helmet.
  8144 | D:6      | 8144 ||| READING 7 scrolls of identify.
  8144 | D:6      | 8144 ||| IDENTIFYING orange potion
  8145 | D:6      | 8145 ||| DROPPING potion of flight.
  8146 | D:6      | 8146 ||| DROPPING potion of ambrosia.
  8253 | D:7      | Found a staircase to the Ecumenical Temple.
  8254 | D:7      | 8254 ||| PLANNING TEMPLE
  8263 | Temple   | Entered the Ecumenical Temple
  8449 | Temple   | 8449 ||| PLANNING D:1-11
  8460 | Temple   | Became a worshipper of Warmaster Okawaru
  8506 | D:7      | 8506 ||| Stepping ~*~*~tactically~*~*~ (stealth).
  8510 | D:7      | 8510 ||| Stepping ~*~*~tactically~*~*~ (stealth).
  8548 | D:7      | 8548 ||| Stepping ~*~*~tactically~*~*~ (stealth).
  8724 | D:7      | Found a snail-covered altar of Cheibriados.
  8872 | D:7      | HP: 13/57 [something (12)]
  9255 | D:7      | Found a shimmering blue altar of Sif Muna.
  9559 | D:8      | Found a hide-covered altar of Uskayaw.
  9564 | D:8      | HP: 12/57 [gnoll/+0 flail[a gnoll sergeant] (3)]
  9565 | D:8      | 9565 ||| READING 3 scrolls of teleportation.
  9566 | D:8      | 9566 ||| DRINKING 3 potions of heal wounds.
  9567 | D:8      | Noticed Pikel
  9568 | D:8      | 9568 ||| Stepping ~*~*~tactically~*~*~ (stealth).
  9577 | D:8      | HP: 9/57 [lemure[Pikel] (7)]
  9578 | D:8      | 9578 ||| READING 2 scrolls of teleportation.
  9579 | D:8      | 9579 ||| DRINKING 2 potions of heal wounds.
  9584 | D:8      | 9584 ||| Stepping ~*~*~tactically~*~*~ (stealth).
  9593 | D:8      | HP: 14/57 [wight/+2 halberd (2)]
  9594 | D:8      | 9594 ||| READING scroll of teleportation.
  9595 | D:8      | 9595 ||| DRINKING potion of heal wounds.
  9597 | D:8      | Reached skill level 10 in Axes
  9603 | D:8      | Reached XP level 10. HP: 23/63 MP: 10/10
  9603 | D:8      | HP: 14/63 [kobold brigand/+0 dagger (5)]
  9605 | D:8      | HP: 4/63 [killer bee (6)]
  9605 | D:8      | Shot with an arrow by a centaur

Levels and vault maps discovered:
D:1:      dpeg_arrival_orchard, layout_basic, hangedman_decor_clover_reticule,
          minmay_misc_feat_tiny
D:2:      layout_loops_ring
D:3:      layout_loops_corners, zin_angel, shapermc_ecumenical_altar_gd,
          mrwooster_statue_mirror, lemuel_old_faithful, uniq_grinder,
          uniq_crazy_yiuf_cottage
D:4:      layout_rooms, gammafunk_temple_of_torment, serial_shops,
          nicolae_shop_stone, minivault_14, dreamdust_gnoll_farm
D:5:      layout_loops_cross, sigmund_edmund_badplayer
D:6:      layout_gridville, grunt_gozag_statues,
          mainiacjoe_overflow_surrounded_room,
          nemelex_xobeh_ov_fountains_minmay, serial_shops, kennysheep_mini_moat,
          uniq_eustachio
D:7:      layout_loops_corners, nicolae_sif_muna_condensation,
          overflow_temple_1_default, minmay_temple_entry_glass
D:8:      layout_cave_pools, eat_drink_and_be_merry_uskayaw, uniq_pikel
Temple:   nicolae_temple_bog_church

Skill      XL: |  1  2  3  4  5  6  7  8  9 |
---------------+----------------------------+-----
Axes           | 2 3 5 7 8 10 | 10.0
Armour         | 2 5 6 |  6.2
Fighting       | 4 5 7 |  7.3
Throwing       | 2 |  2.0
Dodging        | |  1.5
Stealth        | |  5.4

Action                   |  1- 3 |  4- 6 |  7- 9 | 10-12 || total
-------------------------+-------+-------+-------+-------++-------
Melee: Hand axe          |   122 |   112 |   231 |       ||   465
       Punch             |     1 |     2 |     1 |       ||     4
       War axe           |       |       |    70 |     3 ||    73
Throw: Boomerang         |       |       |    25 |       ||    25
       Javelin           |       |       |     7 |       ||     7
  Use: Scroll            |     2 |    12 |     5 |       ||    19
       Potion            |       |     2 |     7 |       ||     9
 Stab: Sleeping          |     2 |     3 |       |       ||     5
Armor: Leather armour    |    58 |    32 |       |       ||    90
       Scale mail        |       |    11 |    30 |       ||    41
       Plate armour      |       |       |   201 |    14 ||   215
       Chain mail        |       |       |    12 |       ||    12
Dodge: Dodged            |    98 |    58 |   169 |     3 ||   328

Table legend:
 A = Non-vault XP
 B = Vault XP
 C = Vault XP percentage of total XP
 D = Non-vault monster count
 E = Vault monster count
 F = Vault count percentage of total count
                 A         B        C        D         E       F
            +---------+---------+-------+---------+---------+-------
      Total |    3752 |     980 |  20.7 |     134 |       9 |   6.3
            +---------+---------+-------+---------+---------+-------
        D:1 |      57 |       0 |   0.0 |      30 |       0 |   0.0
        D:2 |      33 |       0 |   0.0 |      11 |       0 |   0.0
        D:3 |     161 |     258 |  61.6 |      16 |       1 |   5.9
        D:4 |      40 |     131 |  76.6 |      13 |       5 |  27.8
        D:5 |    1558 |     374 |  19.4 |      28 |       2 |   6.7
        D:6 |    1080 |     217 |  16.7 |      17 |       1 |   5.6
        D:7 |     487 |       0 |   0.0 |      10 |       0 |   0.0
        D:8 |     336 |       0 |   0.0 |       9 |       0 |   0.0
            +---------+---------+-------+---------+---------+-------
